Map: Blackpink LE

Players

Neeb - Winner!

  • Race: Protoss Protoss
  • Spawn Location: 1:00

Sioras

  • Race: Zerg Zerg
  • League: Master
  • Spawn Location: 7:00

Event: WESG 2017 Haikou

VOD

Have the link to the VOD?

Description

Time

  • Played on: March 15, 2018, 2:51 a.m.
  • Length: 8:28

All games in this series

Show
View Real Time Build Order
Export as new Build Order

Neeb Protoss - Winner!

Build Orders: 1 Gate Expand, Oracle Opening, Zealot Archon, Archon Drop 

Get SALT Encoding   

  12  0:00  Probe  
  13  0:12  Probe  
  14  0:17  Pylon  
  14  0:24  Probe (Chrono Boost)  
  15  0:31  Assimilator  
  15  0:36  Probe (Chrono Boost)  
  16  0:44  Gateway  
  16  0:45  Probe (Chrono Boost)  
  17  0:53  Probe  
  18  1:05  Probe  
  19  1:17  Probe  
  20  1:25  Nexus  
  20  1:33  Probe  
  20  1:38  Cybernetics Core  
  21  1:42  Assimilator  
  21  1:45  Probe  
  22  1:50  Pylon  
  22  1:57  Probe  
  23  2:09  Probe  
  23  2:12  Adept (Chrono Boost)  
  26  2:21  Probe  
  27  2:28  Stargate  
  27  2:31  Adept (Chrono Boost)  
  27  2:33  Probe  
  27  2:36  Warp Gate  
  30  2:37  Probe  
  31  2:45  Probe  
  31  2:49  Probe  
  31  2:50  Adept (Chrono Boost)  
  33  2:58  Probe  
  36  3:01  Probe  
  37  3:09  Adept (Chrono Boost), Oracle (Chrono Boost)  
  37  3:10  Probe  
  43  3:13  Probe  
  43  3:16  Pylon  
  44  3:22  Probe  
  44  3:25  Probe  
  46  3:28  Gateway  
  46  3:33  Gateway  
  46  3:34  Probe  
  46  3:37  Probe  
  46  3:39  Adept  
  50  3:48  Oracle  
  53  3:49  Probe  
  53  3:50  Pylon  
  54  4:08  Probe x2  
  54  4:09  Assimilator  
  56  4:10  Assimilator  
  54  4:20  Probe x2  
  52  4:24  Robotics Facility  
  52  4:26  Twilight Council  
  50  4:32  Probe x2  
  52  4:40  Pylon  
  52  4:44  Probe  
  54  4:50  Gateway  
  53  4:52  Gateway  
  53  4:54  Gateway  
  53  4:55  Gateway  
  53  4:57  Charge (Chrono Boost), Gateway  
  53  5:02  Templar Archives  
  53  5:10  Warp Prism (Chrono Boost)  
  55  5:20  Pylon  
  55  5:22  Nexus  
  55  5:23  Pylon  
  55  5:36  Immortal (Chrono Boost)  
  55  5:40  Probe x2  
  61  6:01  High Templar  
  61  6:02  High Templar x2  
  67  6:05  High Templar  
  67  6:06  Zealot x4  
  67  6:07  Archon  
  67  6:09  Archon  
  77  6:11  Immortal (Chrono Boost)  
  77  6:15  Pylon  
  81  6:23  Probe  
  81  6:24  Probe  
  83  6:33  Sentry  
  83  6:34  Zealot x4, Sentry  
  83  6:35  Zealot, Probe  
  98  6:43  Pylon, Observer (Chrono Boost)  
  98  6:44  Pylon  
  99  6:55  Zealot x5  
  109  7:04  Zealot x3  
  113  7:26  Zealot x7  
  75  7:44  Zealot  
  75  7:45  Zealot  
  75  7:46  Zealot x5  
  75  7:47  Zealot  
  71  7:53  High Templar  
  71  7:54  High Templar x3  
  79  7:58  Archon  
  79  7:59  Archon  
  75  8:08  Zealot x4  
  76  8:23  Forge  
  76  8:26  Zealot x4  
Show
View Real Time Build Order
Export as new Build Order

Sioras Zerg 

Build Orders: Hatch First 

Get SALT Encoding   

  12  0:00  Drone  
  13  0:08  Drone  
  14  0:17  Overlord  
  14  0:21  Extractor  
  14  0:23  Drone  
  15  0:45  Hatchery  
  15  0:48  Drone  
  15  0:51  Drone  
  15  0:54  Drone  
  17  0:59  Drone  
  18  1:12  Spawning Pool  
  18  1:13  Extractor  
  18  1:16  Drone  
  17  1:21  Drone  
  18  1:31  Drone  
  19  1:46  Drone  
  20  1:52  Overlord  
  20  1:57  Drone  
  21  2:06  Queen x2  
  21  2:07  Zergling x2  
  26  2:10  Zergling x2  
  26  2:13  Drone  
  28  2:19  Drone  
  29  2:25  Drone  
  29  2:29  Drone  
  31  2:35  Drone  
  32  2:38  Hatchery  
  32  2:42  Queen  
  33  2:47  Overlord  
  33  2:50  Zergling x2  
  34  2:52  Zergling x2  
  34  2:56  Zergling x2  
  36  3:06  Drone  
  36  3:08  Drone  
  38  3:13  Drone x2  
  38  3:15  Overlord  
  38  3:17  Drone x4  
  44  3:28  Lair  
  44  3:34  Drone  
  44  3:35  Drone x2  
  44  3:38  Spore Crawler x2  
  44  3:40  Drone  
  44  3:41  Drone  
  47  3:44  Drone x2  
  49  3:48  Roach Warren  
  49  3:51  Drone  
  49  3:53  Drone  
  50  3:57  Overlord  
  50  4:00  Extractor x2  
  48  4:06  Spore Crawler  
  48  4:07  Zergling x6  
  48  4:08  Zergling x2  
  47  4:19  Drone  
  47  4:20  Drone x6  
  47  4:22  Drone  
  53  4:24  Drone  
  53  4:28  Drone  
  53  4:29  Drone  
  54  4:31  Drone  
  54  4:34  Glial Reconstitution  
  55  4:39  Spore Crawler  
  55  4:42  Metabolic Boost  
  54  4:49  Overlord  
  53  4:53  Hydralisk Den  
  53  4:55  Drone x4, Extractor  
  53  4:59  Drone  
  56  5:01  Roach  
  56  5:03  Overlord  
  56  5:06  Roach  
  60  5:10  Roach  
  60  5:12  Roach  
  64  5:17  Roach x2  
  64  5:19  Drone  
  64  5:20  Drone  
  70  5:22  Drone  
  70  5:28  Drone  
  72  5:31  Drone x2  
  74  5:39  Queen  
  74  5:40  Overlord  
  74  5:41  Roach x3  
  81  5:50  Grooved Spines  
  81  5:51  Overlord  
  81  5:52  Overlord  
  78  5:57  Hydralisk x2  
  78  6:04  Hydralisk x3  
  78  6:07  Overseer  
  78  6:09  Overlord  
  84  6:14  Overlord  
  84  6:17  Hydralisk  
  84  6:18  Hydralisk  
  86  6:30  Hydralisk x3  
  88  6:39  Roach x4  
  96  6:45  Roach x2  
  96  6:46  Roach  
  101  6:57  Zergling x2  
  101  6:58  Zergling x12  
  108  7:04  Ravager  
  108  7:05  Ravager  
  108  7:06  Zergling x8  
  108  7:07  Ravager  
  115  7:19  Zergling x16  
  120  7:29  Roach  
  106  7:30  Roach x3  
  106  7:36  Roach  
  106  7:37  Roach x2  
  89  7:40  Roach  
  72  7:44  Roach  
  72  7:45  Zergling x2  
  65  7:53  Roach x3, Zergling x4  
  73  7:59  Roach  
  73  8:05  Roach, Zergling x4  
Tags
 
Add a new tag
Caveats
  • Supply blocks, unpowered buildings, or Contaminate may cause inaccurate times.
  • Supply counts are checked every 10 seconds.